 Dungeon Crawl Stone Soup version 0.17-a0-1020-ge683cc4 (console) character file.

26 Monkaria the Skirmisher (level 2, -4/36 HPs)
             Began as a Demonspawn Chaos Knight on May 14, 2015.
             Killed from afar by a killer bee (5 damage)
             ... with an exploding inner flame
             ... hexed by the player character
             ... on level 2 of the Dungeon.
             The game lasted 00:01:24 (940 turns).

Monkaria the Skirmisher (Demonspawn Chaos Knight)    Turns: 940, Time: 00:01:24

Health: -4/36      AC: 21    Str: 12    XL:     2   Next: 89%
Magic:  2/2        EV:  2    Int: 18    God:    Xom [..*...]
Gold:   85         SH:  0    Dex: 12    Spells: 0 memorised, 1 level left

rFire  . . .     SeeInvis .     a - +0 falchion (chaos)
rCold  . . .     Clarity  .     (armour currently unavailable)
rNeg   + + +     SustAb   .     (no shield)
rPois  +         Gourm    .     (helmet currently unavailable)
rElec  .         Spirit   .     (cloak currently unavailable)
rCorr  .         Warding  .     (gloves currently unavailable)
rMut   .         NoTele   +     (boots currently unavailable)
MR     .....                    (no amulet)
Stlth  +.........               (no ring)
                                (no ring)

@: brilliant, lethally poisoned (-4 -> -17), tree-form, not resistant to hostile
enchantments, very unstealthy
A: (antennae 0)
a: Renounce Religion


You were on level 2 of the Dungeon.
You worshipped Xom.
You were a toy of Xom.
You were not hungry.
You were a tree.
You visited 1 branch of the dungeon, and saw 2 of its levels.

You collected 85 gold pieces.

Inventory:

Hand weapons
 a - a +0 falchion of chaos (weapon)
Missiles
 f - 18 poisoned needles
Armour
 b - a +2 leather armour (melded)
 i - a +2 hat (melded)
Scrolls
 e - a scroll of identify
 h - a scroll of blinking
Comestibles
 c - 3 bread rations
 g - a meat ration
 k - a chunk of flesh


   Skills:
 - Level 3.6 Fighting
 - Level 2.6 Long Blades
 - Level 1.7 Armour
 - Level 0.8 Dodging
 + Level 1.4 Unarmed Combat


You had one spell level left.
You didn't know any spells.

Dungeon Overview and Level Annotations

Branches:
Dungeon (2/15)

Altars:
Qazlal


Innate Abilities, Weirdness & Mutations

((You have a pair of small antennae on your head.))


Message History

Identify which item? (\ to view known items) (? for menu, Esc to quit)
h - a scroll of blinking The killer bee stings you.
* * * LOW HITPOINT WARNING * * *
The killer bee stings you but does no damage.
Read which item? (? for menu, Esc to quit)
As you read the scroll labeled NEMIGGOELAL, it crumbles to dust.
The creatures around you are filled with an inner flame!
It was a scroll of immolation.
* * * LOW HITPOINT WARNING * * *
You feel sick. The killer bee stings you.
* * * LOW HITPOINT WARNING * * *
You are more poisoned.
The killer bee poisons you! The killer bee barely misses you.
Unknown command.
Unknown command.
You hit the killer bee. You drain the killer bee!
The killer bee explodes!
The fiery explosion engulfs you!
You die...

### ### #.# #.. #.# #.#
#?# #.# #. #.# #.#
#...###.######### #.#
#....§♣.........#####.#
#...###......##........
#. #.###..######.#..
#.# #.........#.. #.#
#....####.... #.#
####......... #.#
###..#.... #.#
....##.### ..#### #.#


There were no monsters in sight!

Vanquished Creatures
  2 worms (D:2)
  4 bats (D:1)
  A hobgoblin (D:1)
  4 jackals (D:1)
  A giant cockroach (D:2)
  3 giant newts
  2 goblins (D:1)
  2 kobolds (D:1)
  2 rats (D:1)
21 creatures vanquished.

Notes
Turn   | Place    | Note
--------------------------------------------------------------
     0 | D:1      | Monkaria the Demonspawn Chaos Knight began the quest for the Orb.
     0 | D:1      | Reached XP level 1. HP: 18/18 MP: 1/1
    15 | D:1      | XOM: silly message
   141 | D:1      | XOM is BORED!
   141 | D:1      | XOM: harmless Trmt miscast
   170 | D:1      | Gained mutation: You have a pair of small antennae on your head. [demonic ancestry]
   170 | D:1      | Reached XP level 2. HP: 24/24 MP: 2/2
   202 | D:1      | XOM: harmless Conj miscast
   681 | D:2      | Found a stormy altar of Qazlal.
   694 | D:2      | Reached skill level 1 in Unarmed Combat
   929 | D:2      | Noticed a killer bee
   929 | D:2      | a kobold changed into a killer bee
   939 | D:2      | HP: 1/36 [killer bee (1)]
   940 | D:2      | Killed a killer bee
   940 | D:2      | Killed from afar by a killer bee

Vault maps used:
D:1:      mrwooster_arrival_statue
D:2:      mumra_celtic_spiral_tile, nicolae_qazlal_general_emergency

Action                   || total
-------------------------++-------
Melee: Falchion          ||    84
  Use: Scroll            ||     2
       Potion            ||     2
 Stab: Petrifying        ||     1
       Paralysed         ||     1
